 Seeded DCSS version 0.31-a0-177-g4aa6249778 (webtiles) character file.

Game seed: 8346848676041322934 (custom seed)

8640 innerfire43 the Slicer (level 11, -12/75 HPs)
             Began as a Demonspawn Monk on June 18, 2023.
             Was a High Priest of Okawaru.
             Mangled by an orc knight
             ... wielding a +1 dire flail
              (21 damage)
             ... on level 9 of the Dungeon.
             The game lasted 00:18:18 (9966 turns).

innerfire43 the Slicer (Demonspawn Monk)            Turns: 9966, Time: 00:18:19

Health: -12/75     AC: 18    Str: 21    XL:     11   Next: 12%
Magic:  11/11      EV: 13    Int: 13    God:    Okawaru [*****.]
Gold:   1887       SH:  5    Dex: 17    Spells: 10/10 levels left

rFire   + + .        l - +3 dagger (speed)
rCold   . . .        (no shield)
rNeg    . . .        t - +3 steam dragon scales
rPois   .            (no helmet)
rElec   .            (no cloak)
rCorr   .            x - +0 pair of gloves
SInv    .            J - +1 pair of boots of Lies {rF++ Int+2}
Will    .....        H - amulet of reflection
Stlth   ++           o - +4 ring of protection
HPRegen 0.32/turn    r - +6 ring of strength
MPRegen 0.12/turn

%: reflection
@: weak-willed
A: slimy green scales 2, powered by death 1, demonic magic 1, demonic touch 1
a: Renounce Religion, Heroism, Finesse, Duel


You were on level 9 of the Dungeon.
You worshipped Okawaru.
Okawaru was extremely pleased with you.
You visited 2 branches of the dungeon, and saw 10 of its levels.

You collected 1887 gold pieces.

Inventory:

Hand Weapons
 a - a +0 spear
 i - the +2 falchion of Dishonour {elec, *Slow Fly rCorr Str-5}
   (You found it on level 7 of the Dungeon)

   Str:       It affects your strength (-5).
   Fly:       It grants you flight.
   rCorr:     It protects you from acid and corrosion.
   *Slow:     It may slow you when you take damage.
 l - a +3 dagger of speed (weapon)
 z - a +2 glaive of freezing
 D - a +4 short sword of draining
 E - a +1 dagger of chaos
 F - a +5 short sword
 K - a +1 scimitar of flaming
Armour
 b - a +0 robe
 d - an orb of light
 s - a +0 chain mail
 t - +3 steam dragon scales (worn)
 x - a +0 pair of gloves (worn)
 G - a +0 pair of boots
 J - the +1 pair of boots of Lies (worn) {rF++ Int+2}
   (Okawaru gifted it to you on level 8 of the Dungeon)

   Int:       It affects your intelligence (+2).
   rF:        It greatly protects you from fire.
Jewellery
 o - a +4 ring of protection (left hand)
 r - a +6 ring of strength (right hand)
 y - a ring of fire
 B - a ring of magical power
 H - an amulet of reflection (around neck)
 N - an amulet of reflection
Scrolls
 e - 2 scrolls of immolation {unknown}
 g - 3 scrolls of poison
 m - a scroll of revelation
 n - 7 scrolls of identify
 C - 4 scrolls of teleportation
 M - a scroll of blinking
Potions
 c - a potion of ambrosia
 f - a potion of resistance
 h - a potion of brilliance {unknown}
 j - 2 potions of mutation
 q - a potion of berserk rage {unknown}
 w - a potion of attraction
 L - a potion of lignification {unknown}
 O - a potion of might {unknown}


   Skills:
 - Level 3.3 Fighting
 + Level 12.8 Short Blades
 - Level 3.0 Polearms
 - Level 3.0 Dodging
 + Level 2.4 Shields
 * Level 7.8 Unarmed Combat
 + Level 2.9 Evocations


You had 10 spell levels left.
You didn't know any spells.
Your spell library contained the following spells:

 Spells                   Type           Power      Damage    Failure   Level
 Sublimation of Blood     Necr           0%         N/A       43%         2
 Wereblood                Tmut           0%         N/A       43%         2
 Frozen Ramparts          Ice            0%         1d1       67%         3
 Gell's Gravitas          Tloc           0%         N/A       67%         3
 Teleport Other           Tloc           0%         N/A       67%         3
 Ice Form                 Ice/Tmut       0%         N/A       97%         4
 Dispersal                Tloc           0%         N/A       100%        6
 Orb of Destruction       Conj           0%         9d5       100%        7
 Summon Guardian Golem    Hex/Summ       Unusable   N/A       N/A         3
 Summon Ice Beast         Ice/Summ       Unusable   N/A       N/A         4
 Spellforged Servitor     Conj/Summ      Unusable   N/A       N/A         7
 Summon Hydra             Summ           Unusable   N/A       N/A         7

Dungeon Overview and Level Annotations

Branches:
Dungeon (9/15)             Temple (0/1) D:7             Orc (1/2) D:9
   Lair: D:8-11

Altars:
Ashenzari
Makhleb
Okawaru

Annotations:
D:9 3 runed translucent doors, TittyCrusher's ghost, journeyman DEFE


Innate Abilities, Weirdness & Mutations

You are mostly covered in slimy green scales. (AC +3)
You regenerate a little health from kills.
Spells you cast may paralyse adjacent enemies.
Your touch may inflict minor irresistible damage on your foes.


Message History

You kill the orc!
The orc knight closely misses you.
You hit the orc.
The orc is severely wounded.
You closely miss the orc.
The orc is severely wounded.
You hit the orc.
You kill the orc!
The orc knight barely misses you.
You hit the orc knight but do no damage.
You touch the orc knight!
Your punch misses the orc knight.
The orc knight is moderately wounded.
You carefully extract the barbed spikes from your body.
You hit the orc knight but do no damage.
The orc knight is moderately wounded.
You hit the orc knight but do no damage.
Your touch misses the orc knight.
The orc knight is moderately wounded.
The orc knight hits you with a +1 dire flail.
* * * LOW HITPOINT WARNING * * *
You hit the orc knight.
You touch the orc knight!
The orc knight is heavily wounded.
You hit the orc knight but do no damage.
The orc knight is heavily wounded.
You hit the orc knight but do no damage.
The orc knight is heavily wounded.
The orc knight hits you with a +1 dire flail.
* * * LOW HITPOINT WARNING * * *
You hit the orc knight but do no damage.
The orc knight is heavily wounded.
You hit the orc knight but do no damage.
You touch the orc knight!
The orc knight is severely wounded.
Aiming: Bolt of Light
Press: ? - help, Shift-Dir - straight line, f - orc knight
Aim: an orc knight, wielding a +1 dire flail and wearing a +0 plate armour (grey smoke, severely wounded, weak-willed, 74% to hit)
The bolt of light misses the orc knight.
The now-empty wand crumbles to dust.
The orc knight hits you with a +1 dire flail!!
You die...

###############
###############
############### ##
################## ##.
###########.#..(.## ##..
#########.........####...
##########..#.....##.....
#######o@####............
########§#§###........†..
########§.§§##...........
#######§§..§§#...........
#####.....([§.[..........
###...........[.........8
####....[######+++###....
#######...###WWW....#....
####.)..##.....##..P8


You could see an orc knight (weak-willed), a shadow and TittyCrusher's ghost.

Vanquished Creatures
  A boulder beetle (D:8)
  Erica (D:8)
  The ghost of innerfire43 the Slicer, a novice DsMo of Ignis (D:7)
  An orc sorcerer (D:9)
  Maggie (D:7)
  A komodo dragon (D:9)
  Psyche (D:8)
  2 unseen horror zombies (D:9)
  A troll (D:9)
  Prince Ribbit (D:7)
  5 yaks (D:9)
  A shadow (D:7)
  A vampire (D:6)
  A steam dragon (D:8)
  2 vampire mosquitoes (D:8)
  2 water moccasins
  3 orc warriors (D:9)
  3 ice beasts
  A black bear (D:6)
  2 ogres
  A phantom (D:5)
  3 centaurs
  A scorpion (D:6)
  14 wights
  6 killer bees (D:7)
  7 howler monkeys
  3 hounds
  2 jellies
  9 orc priests
  3 iguanas
  4 orc wizards
  A sleepcap (D:5)
  A killer bee zombie (D:9)
  2 howler monkey zombies (D:9)
  6 adders
  2 white imps
  An ufetubus (D:7)
  A worm (D:5)
  3 dart slugs (D:2)
  27 orcs
  6 ball pythons
  8 endoplasms
  A giant cockroach (D:3)
  10 goblins
  4 hobgoblins
  7 quokkas
  5 bats
  2 frilled lizards (D:2)
  6 kobolds
  7 rats
185 creatures vanquished.

Notes
Turn   | Place    | Note
-------+----------+-------------------------------------------
     0 | D:1      | innerfire43 the Demonspawn Monk began the quest for the
                  | Orb.
     0 | D:1      | Reached XP level 1. HP: 18/18 MP: 1/1
   140 | D:1      | Gained mutation: Your touch may inflict minor irresistible
                  | damage on your foes. [demonic ancestry]
   140 | D:1      | Reached XP level 2. HP: 24/24 MP: 2/2
  1031 | D:2      | Gained mutation: You are partially covered in slimy green
                  | scales. (AC +2) [demonic ancestry]
  1031 | D:2      | Reached XP level 3. HP: 29/29 MP: 3/3
  1499 | D:2      | Found a faded altar of an unknown god.
  1576 | D:2      | Prayed at the altar of an unknown god.
  1576 | D:2      | Became a worshipper of Warmaster Okawaru
  1576 | D:2      | Reached * piety under Okawaru
  1576 | D:2      | Reached ** piety under Okawaru
  1754 | D:3      | Reached skill level 1 in Short Blades
  1820 | D:3      | Reached skill level 1 in Unarmed Combat
  1920 | D:3      | Reached XP level 4. HP: 35/35 MP: 4/4
  1982 | D:3      | Reached *** piety under Okawaru
  2506 | D:4      | Reached skill level 2 in Short Blades
  2847 | D:4      | Noticed an ogre
  2854 | D:4      | Killed an ogre
  2855 | D:4      | Reached skill level 3 in Short Blades
  2855 | D:4      | Gained mutation: You are mostly covered in slimy green
                  | scales. (AC +3) [demonic ancestry]
  2855 | D:4      | Reached XP level 5. HP: 39/41 MP: 5/5
  3200 | D:5      | Entered Level 5 of the Dungeon
  3284 | D:5      | Reached XP level 6. HP: 11/47 MP: 6/6
  3465 | D:5      | Noticed an ice beast
  3473 | D:5      | Killed an ice beast
  3474 | D:5      | Reached skill level 4 in Short Blades
  3713 | D:5      | Found a broken altar of Ashenzari.
  3763 | D:5      | Reached XP level 7. HP: 20/52 MP: 7/7
  3982 | D:5      | Reached **** piety under Okawaru
  3983 | D:5      | Reached skill level 5 in Short Blades
  4332 | D:6      | Reached skill level 6 in Short Blades
  4367 | D:6      | Gained mutation: Spells you cast may paralyse adjacent
                  | enemies. [demonic ancestry]
  4367 | D:6      | Reached XP level 8. HP: 58/58 MP: 8/8
  4385 | D:6      | Reached skill level 1 in Evocations
  4493 | D:6      | Reached ***** piety under Okawaru
  4494 | D:6      | Reached skill level 7 in Short Blades
  4868 | D:6      | Reached skill level 5 in Unarmed Combat
  5845 | D:6      | Found a burning altar of Makhleb.
  6024 | D:6      | Identified a scroll of acquirement
  6024 | D:6      | Acquired 1366 gold pieces
  6118 | D:7      | Reached skill level 8 in Short Blades
  6231 | D:7      | Noticed Prince Ribbit
  6243 | D:7      | Noticed Maggie
  6257 | D:7      | Killed Prince Ribbit
  6283 | D:7      | Killed Maggie
  6284 | D:7      | Reached XP level 9. HP: 37/64 MP: 9/9
  6407 | D:7      | Identified the +2 falchion of Dishonour {elec, *Slow Fly
                  | rCorr Str-5}
  6431 | D:7      | Reached skill level 9 in Short Blades
  6716 | D:7      | Found a runed translucent door.
  6718 | D:7      | Noticed innerfire43's ghost (novice DsMo)
  6755 | D:7      | Killed innerfire43's ghost
  6755 | D:7      | Received a gift from Okawaru
  6822 | D:7      | Reached skill level 10 in Short Blades
  6841 | D:7      | Found a staircase to the Ecumenical Temple.
  7263 | D:8      | Noticed Psyche
  7273 | D:8      | Killed Psyche
  7431 | D:8      | Reached XP level 10. HP: 50/67 MP: 10/10
  7479 | D:8      | Reached skill level 11 in Short Blades
  7723 | D:8      | Noticed Erica
  7749 | D:8      | Killed Erica
  7749 | D:8      | Identified the +1 pair of boots of Lies {rF++ Int+2}
                  | (Okawaru gifted it to you on level 8 of the Dungeon)
  7749 | D:8      | Received a gift from Okawaru
  7867 | D:8      | Noticed a boulder beetle
  7906 | D:8      | Killed a boulder beetle
  9009 | D:9      | Reached skill level 12 in Short Blades
  9061 | D:9      | Reached skill level 1 in Shields
  9176 | D:9      | Found a staircase to the Orcish Mines.
  9207 | D:9      | Found a runed translucent gate.
  9207 | D:9      | Found a runed translucent gate.
  9215 | D:9      | Found a runed translucent gate.
  9216 | D:9      | Noticed TittyCrusher's ghost (journeyman DEFE)
  9568 | D:9      | Gained mutation: You regenerate a little health from kills.
                  | [demonic ancestry]
  9568 | D:9      | Reached XP level 11. HP: 75/75 MP: 11/11
  9579 | Orc:1    | Entered Level 1 of the Orcish Mines
  9579 | Orc:1    | Noticed an orc sorcerer
  9579 | Orc:1    | Noticed an orc knight
  9937 | D:9      | Killed an orc sorcerer
  9966 | D:9      | Mangled by an orc knight

Illustrated notes

Levels and vault maps discovered:
D:1:      saegor_arrival_simple_c, layout_basic
D:2:      layout_basic, shapermc_ecumenical_altar_hornbeckon
D:3:      layout_basic, serial_bayou_ford_a
D:4:      layout_gridville
D:5:      layout_gridville, evilmike_ruin_ashenzari
D:6:      layout_layer_cave, grunt_temple_overflow_open
D:7:      layout_loops_ring, minmay_temple_entry_ruins,
          hellmonk_ghost_happy_afterlife, uniq_maggie, uniq_prince_ribbit1
D:8:      layout_gridville, uniq_erica, uniq_psyche
D:9:      layout_cave_pools, orc_0_dummy, serial_undead, serial_undead_e,
          serial_undead_e, serial_undead_a, serial_undead_b, serial_undead_d,
          serial_undead_b, gammafunk_ghost_spectres
Orc:1:    layout_caves, minmay_shop_enchanted_jewellery, library_closet,
          david_defended_altar_orc

Skill      XL: |  1  2  3  4  5  6  7  8  9 10 11 |
---------------+----------------------------------+-----
Polearms       | 3 |  3.0
Dodging        | 3 |  3.0
Short Blades   | 1 3 4 6 8 10 12 | 12.8
Unarmed Combat | 1 2 3 4 5 6 7 |  7.8
Evocations     | 1 2 |  2.9
Shields        | 1 2 |  2.4
Fighting       | |  3.3

Action                     |  1- 3 |  4- 6 |  7- 9 | 10-12 || total
---------------------------+-------+-------+-------+-------++-------
  Melee: Spear             |    56 |       |       |       ||    56
         Dagger            |    58 |   123 |   376 |   410 ||   967
         Touch             |    15 |    20 |    83 |    96 ||   214
         Punch             |     2 |     3 |    16 |    26 ||    47
         Unarmed           |       |       |    14 |       ||    14
  Evoke: Wand              |       |     3 |     3 |     1 ||     7
    Use: Potion            |       |     3 |       |     6 ||     9
         Scroll            |       |       |     6 |     7 ||    13
   Stab: Sleeping          |     3 |       |       |       ||     3
         Invisible         |       |       |     6 |       ||     6
 Armour: Robe              |     7 |       |       |       ||     7
         Chain mail        |    17 |    48 |    65 |       ||   130
         Steam dragon scal |       |       |    31 |   183 ||   214
         Skin              |       |       |     1 |       ||     1
  Dodge: Dodged            |    30 |    42 |   106 |   220 ||   398
  Block: Other             |       |       |       |    62 ||    62
         Reflection        |       |       |       |     2 ||     2

Table legend: (Time is in decaauts)
 A = Elapsed time spent in this place.
 B = Non-inter-level travel time spent in this place.
 C = Inter-level travel time spent in this place.
 D = Time resting spent in this place.
 E = Time spent auto-exploring this place.
 F = Levels seen in this place.
 G = Mean time per level.
                   A        B        C        D        E       F      G
               +--------+--------+--------+--------+--------+-----+--------+
         Total |   9432 |   8823 |    609 |      0 |   7127 |  10 |  943.2 |
       Dungeon |   9427 |   8818 |    609 |      0 |   7127 |   9 | 1047.4 |
  Orcish Mines |      5 |      5 |      0 |      0 |      0 |   1 |    5.0 |
               +--------+--------+--------+--------+--------+-----+--------+

Top non-repeatable levels by time:
     D:6: 1719 daAuts
     D:8: 1475 daAuts
     D:7: 1175 daAuts
     D:5: 1057 daAuts
     D:2: 1006 daAuts
     D:9: 820 daAuts
     D:1: 743 daAuts
     D:4: 732 daAuts
     D:3: 697 daAuts
   Orc:1: 5 daAuts
